 Dungeon Crawl Stone Soup version 0.29.0-5-ge4962eb29e (webtiles) character file.

Game seed: 16206978453986264550

186 browni3141 the Ruffian (level 5, -7/50 HPs)
             Began as a Troll Cinder Acolyte on Aug 29, 2022.
             Was a Follower of Trog.
             Mangled by a fire elemental (14 damage)
             ... created by the fiery vengeance of Ignis
             ... on level 5 of the Dungeon.
             The game lasted 00:02:52 (1616 turns).

browni3141 the Ruffian (Troll Cinder Acolyte)       Turns: 1616, Time: 00:02:53

Health: -7/50      AC:  4    Str: 24    XL:     5   Next: 38%
Magic:  5/5        EV:  9    Int: 10    God:    Trog [*.....]
Gold:   148        SH:  0    Dex:  5    Spells: 6/6 levels left

rFire   . . .      SeeInvis .     - Unarmed
rCold   . . .      Faith    .   (no shield)
rNeg    . . .      Spirit   .   a - +0 robe
rPois   .          Reflect  .   (helmet restricted)
rElec   .          Harm     .   (no cloak)
rCorr   .          Rampage  .   (gloves unavailable)
Will    .....                   (boots unavailable)
Stlth   +.........              (no amulet)
HPRegen 0.96/turn               L - ring of flight
MPRegen 0.09/turn               (no ring)

@: on berserk cooldown, flying, slowed, fire susceptible, very slow
A: large, unfitting armour, claws 3, regeneration 1, shaggy fur 1, tough skin 1
a: Renounce Religion, Berserk


You were on level 5 of the Dungeon.
You worshipped Trog.
Trog was aware of your devotion.
You visited 1 branch of the dungeon, and saw 4 of its levels.

You collected 200 gold pieces.
You spent 52 gold pieces at shops.


Innate Abilities, Weirdness & Mutations

You are too large for most types of armour.
You have claws for hands.
Your natural rate of healing is unusually fast.
You are covered in fur. (AC +1)
You have tough skin. (AC +1)


   Skills:
 - Level 2.4 Fighting
 * Level 6.2 Unarmed Combat
 - Level 1.0 Spellcasting
 - Level 2.1 Fire Magic


You had 6 spell levels left.
You didn't know any spells.
Your spell library contained the following spells:

 Spells                   Type           Power      Damage    Failure   Level
 Scorch                   Fire           8%         2d5       22%         2
 Blink                    Tloc           0%         N/A       45%         2
 Manifold Assault         Tloc           0%         N/A       100%        5
 Storm Form               Tmut/Air       0%         N/A       100%        7

Inventory:

Missiles
 i - 2 datura-tipped darts (quivered)
 j - 3 poisoned darts {@f3}
Armour
 a - a +0 robe (worn)
Jewellery
 L - a ring of flight (left claw)
Scrolls
 b - a scroll of poison {!r@f3}
 c - a scroll of immolation {!r}
 e - 2 scrolls of fear
 h - a scroll of noise {!r}
 k - a scroll of amnesia
Potions
 g - a potion of lignification {!q}

Dungeon Overview and Level Annotations

Branches:
Dungeon (5/15)             Temple (0/1) D:4

Altars:
Trog

Shops:
D:5 (?[

Annotations:
D:4 Blork the orc

.....#..#.....# #......##'#
.....#..#.....# #......#..#
.....##'#.....#####......#..#
##'#.....####.......##+###..#
...#.....# #.......# #..#
...#.....# #.......# ##..#
...#.....# #.......# #...#
.###.....# #.......# ##..#
.#....##########@#########..#
.+....#......#...E○.#.......#
.#....#.....E+...E.○#...##..#
#....#....☼○#....°>#...##..#
#....######'##.....##'###..#
#............########..##(.#
#............#.........##+##
#............#.........##..#
##............#.∩.∩.##..##..#


You could see 2 fire elementals.


Message History

* * * LOW HITPOINT WARNING * * *
You closely miss the fire elemental.
The fire elemental is moderately damaged.
The fire elemental hits you. The fire elemental burns you!
* * * LOW HITPOINT WARNING * * *
You scratch the fire elemental.
The fire elemental is moderately damaged.
The fire elemental hits you. The fire elemental burns you!
* * * LOW HITPOINT WARNING * * *
You mangle the fire elemental!!
You destroy the fire elemental!
That felt strangely unrewarding.
You slam the door shut with a bang!
You feel a strong urge to attack something.
You are no longer berserk.
You are exhausted.
You feel yourself slow down.
You now have 148 gold pieces (gained 19).
Ignis wails with rage, and rains down burning fury!
The divine experience confuses you!
You are confused. 2 fire elementals come into view.
You feel better.
Unknown command.
Unknown command.
You reach down and open the door.
The fire elemental hits you. The fire elemental burns you!
* * * LOW HITPOINT WARNING * * *
The fire elemental barely misses you. The fire elemental hits you.
The fire elemental burns you!
You die...

Skill      XL: |  1  2  3  4  5 |
---------------+----------------+-----
Unarmed Combat | 4 5 6 |  6.2
Fighting       | |  2.4
Spellcasting   | |  1.0
Fire Magic     | |  2.1

Action                   |  1- 3 |  4- 6 || total
-------------------------+-------+-------++-------
Melee: Unarmed           |   100 |    50 ||   150
       Punch             |       |     1 ||     1
Invok: Berserk           |       |     3 ||     3
  Use: Scroll            |       |     7 ||     7
       Potion            |       |     1 ||     1
 Stab: Distracted        |       |     1 ||     1
Armor: Robe              |    33 |    18 ||    51
Dodge: Dodged            |    38 |    11 ||    49

Levels and vault maps discovered:
D:1:      dpeg_arrival_stonehenge_8_columns, layout_rooms,
          dreamdust_ecumenical_altar_angels_and_demons
D:2:      layout_loops_corners
D:4:      layout_basic, amcnicky_altar_gilded, minmay_temple_entry_from_below_b,
          minmay_increasing_density, uniq_duvessa, uniq_blork_the_orc
D:5:      layout_gridville, serial_shops, shop,
          nicolae_shop_competitors_out_of_business, nicolae_shop_trees,
          nicolae_shop_behind_doors, minmay_mini_ossuary

Notes
Turn   | Place    | Note
-------+----------+-------------------------------------------
     0 | D:1      | browni3141 the Troll Cinder Acolyte began the quest for the
                  | Orb.
     0 | D:1      | Reached XP level 1. HP: 22/22 MP: 1/1
   139 | D:1      | Reached XP level 2. HP: 29/29 MP: 2/2
   305 | D:1      | Reached skill level 4 in Unarmed Combat
   372 | D:1      | Found a faded altar of an unknown god.
   399 | D:1      | Prayed at the altar of an unknown god.
   399 | D:1      | Fell from the grace of Ignis
   399 | D:1      | Became a worshipper of Trog the Wrathful
   399 | D:1      | Reached * piety under Trog
   488 | D:1      | Reached XP level 3. HP: 30/36 MP: 3/3
   629 | D:1      | You are sucked into a shaft and drop 1 floor!
  1049 | D:2      | Reached XP level 4. HP: 37/44 MP: 4/4
  1060 | D:2      | Reached skill level 5 in Unarmed Combat
  1161 | D:2      | You are sucked into a shaft and drop 2 floors!
  1161 | D:4      | Found a staircase to the Ecumenical Temple.
  1167 | D:5      | Entered Level 5 of the Dungeon
  1167 | D:5      | Found Okoottid's Antique Weapon Boutique.
  1210 | D:4      | Noticed Blork the orc
  1261 | D:5      | HP: 4/66 [acid (8)]
  1263 | D:5      | Reached XP level 5. HP: 5/50 MP: 5/5
  1353 | D:5      | Reached skill level 6 in Unarmed Combat
  1436 | D:5      | Found Agu Heomp's Magic Scroll Shoppe.
  1445 | D:5      | Bought a scroll of identify for 26 gold pieces
  1451 | D:5      | Bought a scroll of identify for 26 gold pieces
  1459 | D:5      | Found Sipilasi's Armour Shoppe.
  1590 | D:5      | Noticed a fire elemental
  1590 | D:5      | Noticed a fire elemental
  1590 | D:5      | Noticed a fire elemental
  1599 | D:5      | Killed a fire elemental
  1606 | D:5      | HP: 2/75 [fire elemental[the fiery vengeance of Ignis] (7)]
  1607 | D:5      | Killed a fire elemental
  1613 | D:5      | Noticed a fire elemental
  1613 | D:5      | Noticed a fire elemental
  1615 | D:5      | HP: 5/50 [fire elemental[the fiery vengeance of Ignis]
                  | (12)]
  1616 | D:5      | Mangled by a fire elemental

Vanquished Creatures
  2 fire elementals (D:5)
  2 jellies (D:5)
  A hound (D:5)
  3 adders
  A worm (D:2)
  5 orcs
  A ball python (D:2)
  5 endoplasms
  3 giant cockroaches
  4 goblins (D:1)
  3 hobgoblins (D:1)
  7 jackals (D:1)
  4 quokkas
  2 bats
  A hobgoblin zombie (D:5)
  2 kobolds (D:1)
  A kobold zombie (D:5)
  2 orc zombies (D:5)
  2 rats
51 creatures vanquished.

Table legend: (Time is in decaauts)
 A = Elapsed time spent in this place.
 B = Non-inter-level travel time spent in this place.
 C = Inter-level travel time spent in this place.
 D = Time resting spent in this place.
 E = Time spent auto-exploring this place.
 F = Levels seen in this place.
 G = Mean time per level.
                   A        B        C        D        E       F      G
               +--------+--------+--------+--------+--------+-----+--------+
         Total |   1620 |   1589 |     31 |     29 |   1195 |   4 |  405.0 |
       Dungeon |   1620 |   1589 |     31 |     29 |   1195 |   4 |  405.0 |
               +--------+--------+--------+--------+--------+-----+--------+

Top non-repeatable levels by time:
     D:1: 623 daAuts
     D:2: 529 daAuts
     D:5: 460 daAuts
     D:4: 7 daAuts

Table legend:
 A = Non-vault XP
 B = Vault XP
 C = Vault XP percentage of total XP
 D = Non-vault monster count
 E = Vault monster count
 F = Vault count percentage of total count
                 A         B        C        D         E       F
            +---------+---------+-------+---------+---------+-------
      Total |     263 |       4 |   1.5 |      45 |       4 |   8.2
            +---------+---------+-------+---------+---------+-------
        D:1 |      46 |       0 |   0.0 |      25 |       0 |   0.0
        D:2 |      56 |       0 |   0.0 |      14 |       0 |   0.0
        D:5 |     161 |       4 |   2.4 |       6 |       4 |  40.0
            +---------+---------+-------+---------+---------+-------
